 Dungeon Crawl Stone Soup version 0.25-a0-420-g1cc7eeb0d1 (webtiles) character file.

Game seed: 2442955378744125450, levelgen mode: deterministic

604 Kohma the Shield-Bearer (level 7, -3/57 HPs)
             Began as a Minotaur Fighter on Jan 18, 2020.
             Slain by a gnoll
             ... wielding a +0 spear
              (4 damage)
             ... on level 4 of the Dungeon.
             The game lasted 00:06:04 (2783 turns).

Kohma the Shield-Bearer (Minotaur Fighter)          Turns: 2783, Time: 00:06:05

Health: -3/57      AC: 11    Str: 27    XL:     7   Next: 18%
Magic:  6/6        EV:  5    Int:  5    God:
Gold:   194        SH: 11    Dex: 10    Spells: 6/6 levels left

rFire    . . .     SeeInvis .   a - +0 war axe
rCold    . . .     Gourm    .   c - +0 shield
rNeg     . . .     Faith    .   w - +0 plate armour
rPois    .         Spirit   .   (helmet restricted)
rElec    .         Reflect  .   (no cloak)
rCorr    .         Harm     .   (no gloves)
MR       .....                  (no boots)
Stlth    ..........             (no amulet)
HPRegen  0.19/turn              (no ring)
MPRegen  0.10/turn              (no ring)

@: mighty
A: retaliatory headbutt, horns 2
a: no special abilities


You were on level 4 of the Dungeon.
You were not hungry.

You visited 1 branch of the dungeon, and saw 4 of its levels.

You collected 194 gold pieces.

Inventory:

Hand Weapons
 a - a +0 war axe (weapon)
Missiles
 t - 34 poisoned darts (quivered)
Armour
 c - a +0 shield (worn)
 w - a +0 plate armour (worn)
Jewellery
 e - an uncursed ring of resist corrosion {unknown}
 u - an uncursed ring of protection from fire {unknown}
Wands
 v - a wand of polymorph (5)
 x - a wand of clouds (3)
Scrolls
 g - a scroll of enchant armour {unknown}
 h - 2 scrolls of remove curse {unknown}
 i - 2 scrolls of immolation {unknown}
 n - a scroll of fear {unknown}
 p - 3 scrolls of amnesia {unknown}
 q - a scroll of identify {unknown}
 r - 2 scrolls of teleportation {unknown}
Potions
 j - a potion of cancellation {unknown}
 k - a potion of degeneration {unknown}
 l - a potion of haste {unknown}
 m - 4 potions of heal wounds {unknown}
 o - a potion of flight {unknown}
 s - 2 potions of agility {unknown}
Comestibles
 b - 5 chunks of flesh
 f - 9 rations


   Skills:
 - Level 3.6 Fighting
 + Level 7.0 Axes
 - Level 3.6 Armour
 + Level 7.5 Shields


You had 6 spell levels left.
You didn't know any spells.
Your spell library contained the following spells:

 Spells                   Type           Power        Failure   Level  Hunger
 Animate Skeleton         Necr           N/A          100%        1    ##.....
 Pain                     Necr           #...         100%        1    ##.....
 Vampiric Draining        Necr           #.........   100%        3    ####...
 Animate Dead             Necr           N/A          100%        4    #####..
 Agony                    Necr           #.......     100%        5    ######.


Dungeon Overview and Level Annotations

Branches:
Dungeon (4/15)
 Temple: D:4-7

Altars:
Xom

Annotations:
D:4 1 transporter, Valentain's ghost, novice OpWr


Innate Abilities, Weirdness & Mutations

You reflexively headbutt those who attack you in melee.
You have a pair of horns on your head.


Message History

The gnoll is lightly wounded.
You hit the plant but do no damage. You slash the plant!
You block the gnoll's attack.
The gnoll hits the plant but does no damage.
The gnoll hits you with a +0 spear.
* * * LOW HITPOINT WARNING * * *
Valentain's ghost whispers, "Be very very quiet, I'm hunting Minotaurs."
You barely miss the gnoll. You headbutt the gnoll.
The gnoll is heavily wounded.
You hit the plant but do no damage. x2; You block the gnoll's attack.
The gnoll zaps a wand.
The puff of flame hits you.
* * * LOW HITPOINT WARNING * * *
The gnoll hits the plant with a +0 whip.
Valentain's ghost hits the plant but does no damage.
You feel very mighty all of a sudden. The gnoll hits you with a +0 spear.
* * * LOW HITPOINT WARNING * * *
The gnoll hits the plant with a +0 whip.
The gnoll hits you from afar with a +0 spear.
You die...

##.≈≈≈≈≈≈≈≈≈≈≈≈≈≈≈≈≈≈≈≈≈≈≈≈≈.
...≈≈≈≈≈≈≈≈≈≈≈≈≈≈≈≈≈≈≈≈≈≈≈≈≈.
#..≈≈#####...........#####≈≈.
#..≈≈#.#.#.###.©.###.#.#g#≈≈.
##.≈≈ ...###?#####.###..g#≈≈.
#.≈≈###....?.).g..gW..###≈≈.
#.≈ #.######'######.#8.≈≈.
≈≈[##.#P⌠P#P$8# #.##.≈≈.
≈≈.#..'g.@ggg⌠# .'.W#.≈≈.
≈≈.##.#P⌠P#PW8# .$#.##.≈≈. ≈≈
#.######'######.#8.≈≈. ≈##
...............###≈≈.
...###©#####.###...#≈≈.
#.#.#.###.©.###.#g#.#≈≈. #
###...........#####≈≈.
≈≈≈≈≈≈≈≈≈≈≈...≈≈≈≈≈≈≈≈≈≈≈.
≈≈≈≈≈≈≈≈≈≈≈...≈≈≈≈≈≈≈≈≈≈≈.


You could see a gnoll shaman, Valentain's ghost and 4 gnolls.

Vanquished Creatures
  A black bear (D:4)
  An ogre (D:3)
  A big kobold (D:3)
  A scorpion (D:4)
  An orc priest (D:3)
  An orc wizard (D:3)
  An iguana (D:4)
  A worker ant (D:4)
  A howler monkey skeleton (D:3)
  5 gnolls
  5 adders
  A worm (D:3)
  2 dart slugs (D:2)
  4 leopard geckos
  10 orcs
  2 ball pythons
  11 bats
  7 giant cockroaches
  3 goblins
  7 hobgoblins
  6 jackals (D:2)
  3 quokkas
  6 frilled lizards
  8 kobolds
  2 quokka skeletons
  8 rats
99 creatures vanquished.

Notes
Turn   | Place    | Note
-------+----------+-------------------------------------------
     0 | D:1      | Kohma the Minotaur Fighter began the quest for the Orb.
     0 | D:1      | Reached XP level 1. HP: 19/19 MP: 0/0
   219 | D:1      | Reached XP level 2. HP: 25/26 MP: 1/1
   607 | D:2      | Reached XP level 3. HP: 31/31 MP: 2/2
   808 | D:2      | Found a shimmering altar of Xom.
  1166 | D:2      | Reached skill level 5 in Shields
  1166 | D:2      | Reached XP level 4. HP: 31/39 MP: 3/3
  1574 | D:3      | Reached XP level 5. HP: 11/45 MP: 4/4
  1901 | D:3      | Reached skill level 5 in Axes
  1920 | D:3      | Noticed an ogre
  1927 | D:3      | Killed an ogre
  2133 | D:3      | Reached XP level 6. HP: 50/51 MP: 5/5
  2575 | D:4      | Reached XP level 7. HP: 57/57 MP: 6/6
  2652 | D:4      | Identified the +8 halberd of Miurphof {vamp, +Fly rPois rC-
                  | Int+3}
  2673 | D:4      | Noticed Valentain's ghost (novice OpWr)
  2710 | D:4      | Found a transporter.
  2735 | D:4      | Found a transporter.
  2782 | D:4      | HP: 2/57 [gnoll/puff of flame (5)]
  2783 | D:4      | Slain by a gnoll

Levels and vault maps discovered:
D:1:      dpeg_arrival_lava_altar, layout_rooms
D:2:      layout_basic, xom_teletrap_fun
D:3:      minmay_inner_zag, layout_basic, first_ration, hex_medium
D:4:      black_bear_nest_2, layout_loops_ring, gammafunk_ghost_gnarly_gnolls

Skill      XL: |  1  2  3  4  5  6  7 |
---------------+----------------------+-----
Shields        | 4 5 6 7 |  7.5
Axes           | 3 4 5 6 7 |  7.0
Fighting       | |  3.6
Armour         | |  3.6

Action                   |  1- 3 |  4- 6 |  7- 9 || total
-------------------------+-------+-------+-------++-------
Melee: War axe           |    90 |   119 |    29 ||   238
       Headbutt          |    16 |    19 |     4 ||    39
  Use: Potion            |       |       |     1 ||     1
  Eat: Chunk             |     1 |     5 |       ||     6
Armor: Scale mail        |    45 |     7 |       ||    52
       Chain mail        |       |    62 |     2 ||    64
       Plate armour      |       |       |    13 ||    13
Dodge: Dodged            |    31 |    36 |     3 ||    70
Block: Shield            |    55 |    77 |    23 ||   155

Table legend:
 A = Non-vault XP
 B = Vault XP
 C = Vault XP percentage of total XP
 D = Non-vault monster count
 E = Vault monster count
 F = Vault count percentage of total count
                 A         B        C        D         E       F
            +---------+---------+-------+---------+---------+-------
      Total |     564 |     300 |  34.7 |      91 |       8 |   8.1
            +---------+---------+-------+---------+---------+-------
        D:1 |      27 |       0 |   0.0 |      16 |       0 |   0.0
        D:2 |      80 |       0 |   0.0 |      32 |       0 |   0.0
        D:3 |     284 |     148 |  34.3 |      30 |       5 |  14.3
        D:4 |     173 |     152 |  46.8 |      13 |       3 |  18.8
            +---------+---------+-------+---------+---------+-------
